 Dungeon Crawl Stone Soup version 0.28.0 (webtiles) character file.

Game seed: 5466426555194548780

2 croobank the Vexing (level 1, 0/13 HPs)
             Began as a Demonspawn Enchanter on Feb 18, 2022.
             Slain by a bat (1 damage)
             ... on level 1 of the Dungeon.
             The game lasted 00:01:28 (124 turns).

croobank the Vexing (Demonspawn Enchanter)           Turns: 124, Time: 00:01:29

Health: 0/13       AC:  2    Str:  8    XL:     1   Next: 33%
Magic:  3/3        EV: 12    Int: 16    God:
Gold:   0          SH:  0    Dex: 13    Spells: 4/4 levels left

rFire   . . .      SeeInvis .   a - +1 dagger
rCold   . . .      Faith    .   (no shield)
rNeg    . . .      Spirit   .   d - +0 robe
rPois   .          Reflect  .   (no helmet)
rElec   .          Harm     .   (no cloak)
rCorr   .          Rampage  .   (no gloves)
Will    .....                   (no boots)
Stlth   ++........              (no amulet)
HPRegen 0.04/turn               (no ring)
MPRegen 0.08/turn               (no ring)

@: invisible (expiring)
A: no striking features
a: no special abilities


You were on level 1 of the Dungeon.
You visited 1 branch of the dungeon, and saw 1 of its levels.

Inventory:

Hand Weapons
 a - a +1 dagger (weapon)
 b - a +0 hunting sling
Armour
 d - a +0 robe (worn)


   Skills:
 + Level 1.0 Short Blades
 + Level 1.8 Dodging
 + Level 2.7 Stealth
 + Level 2.0 Spellcasting
 + Level 3.0 Hexes


You had 4 spell levels left.
You didn't know any spells.
Your spell library contained the following spells:

 Spells                   Type           Power      Damage    Failure   Level
 Ensorcelled Hibernation  Hex/Ice        12%        N/A       17%         2
 Confusing Touch          Hex            11%        N/A       19%         3
 Tukima's Dance           Hex            11%        N/A       19%         3
 Dazzling Flash           Conj/Hex       12%        N/A       32%         3


Dungeon Overview and Level Annotations

Branches:
Dungeon (1/15)

Altars:


Message History

The bat barely misses you.
You miss the bat. The bat completely misses you.
You miss the bat. The bat hits you but does no damage.
You hit the bat but do no damage. You punch the bat, but do no damage.
The bat closely misses you. The bat closely misses you.
You closely miss the bat. The bat hits you but does no damage. x2
You completely miss the bat.
The hobgoblin shouts!
The bat closely misses you. The bat misses you.
A hobgoblin comes into view.
The bat hits you but does no damage. The bat hits you.
You see here a scroll labelled SESILLOACH.
You hit the bat but do no damage. The bat hits you. The bat barely misses you.
You miss the bat. The bat closely misses you.
You hit the hobgoblin.
The hobgoblin is moderately wounded.
The hobgoblin hits you. The bat hits you. The bat hits you. x2
* * * LOW HITPOINT WARNING * * *
You fade into invisibility!
The bat hits you.
* * * LOW HITPOINT WARNING * * *
The hobgoblin closely misses you.
Unknown command.
The bat hits you but does no damage. The bat hits you but does no damage.
The hobgoblin closely misses you. The bat barely misses you.
The hobgoblin closely misses you. The bat hits you but does no damage.
The bat closely misses you.
The hobgoblin hits you but does no damage.
The bat hits you.
* * * LOW HITPOINT WARNING * * *
The bat hits you but does no damage. The bat closely misses you.
You flicker for a moment.
The bat barely misses you. The bat hits you but does no damage.
The bat hits you.
You die...

..............††..####
#################....#
#...........#
.#####.....# #.....#
####.#.g.# #....#...#
..####.##.bg..#
.......?.@#...#
........[.#####
.........## .........#
###......# #.......#
.........# ...#.....#
.##.....#


You could see 2 hobgoblins and a bat.

Vanquished Creatures
  A hobgoblin (D:1)
  A ball python (D:1)
  A frilled lizard (D:1)
3 creatures vanquished.

Notes
Turn   | Place    | Note
-------+----------+-------------------------------------------
     0 | D:1      | croobank the Demonspawn Enchanter began the quest for the
                  | Orb.
     0 | D:1      | Reached XP level 1. HP: 13/13 MP: 3/3
    22 | D:1      | Found a faded altar of an unknown god.
    63 | D:1      | Reached skill level 1 in Short Blades
   124 | D:1      | Slain by a bat

Illustrated notes

Levels and vault maps discovered:
D:1:      wheals_arrival_shading, layout_rooms,
          hellmonk_ecumenical_altar_crossroads

Skill      XL: |  1 |
---------------+----+-----
Short Blades   | 1 |  1.0
Dodging        | |  1.8
Stealth        | |  2.7
Spellcasting   | |  2.0
Hexes          | |  3.0

Action                   || total
-------------------------++-------
Melee: Dagger            ||    17
       Punch             ||     1
  Use: Potion            ||     1
Armor: Robe              ||    11
Dodge: Dodged            ||    24
